 Dungeon Crawl Stone Soup version 0.29.0-4-gdea44cf6ec (webtiles) character file.

Game seed: 2942705306419834107

7592 qw the Cleaver (level 11, 0/64 HPs)
             Began as a Tengu Warper on Aug 28, 2022.
             Was an Elder of Okawaru.
             Slain by a large abomination (21 damage)
             ... on level 9 of the Dungeon.
             The game lasted 00:01:22 (10429 turns).

qw the Cleaver (Tengu Warper)                      Turns: 10429, Time: 00:01:23

Health: 0/64       AC: 16    Str: 16    XL:     11   Next: 17%
Magic:  14/16      EV:  8    Int: 14    God:    Okawaru [****..]
Gold:   783        SH: 16    Dex: 13    Spells: 14/14 levels left

rFire   . . .      SeeInvis +   Y - +2 broad axe
rCold   . . .      Faith    .   q - +0 kite shield
rNeg    . . .      Spirit   .   k - +0 plate armour
rPois   .          Reflect  +   (helmet restricted)
rElec   +          Harm     .   f - +0 cloak
rCorr   .          Rampage  .   (no gloves)
Will    +....                   (boots unavailable)
Stlth   ..........              o - amulet of reflection
HPRegen 0.20/turn               (no ring)
MPRegen 0.15/turn               c - ring of Untruth {rElec Will+ SInv}

@: heroic, flying quickly and evasively, quick
A: beak, talons 3, nimble flight
a: Renounce Religion, Heroism, Finesse


You were on level 9 of the Dungeon.
You worshipped Okawaru.
Okawaru was greatly pleased with you.
You visited 1 branch of the dungeon, and saw 9 of its levels.

You collected 997 gold pieces.
You spent 214 gold pieces at shops.


Innate Abilities, Weirdness & Mutations

You have a beak for a mouth.
You have claws for feet.
Your magical nature lets you fly swiftly and evasively.


   Skills:
 - Level 6.0(11.0) Fighting
 - Level 12.9(17.9) Axes
 - Level 1.0(6.0) Throwing
 - Level 6.2(11.2) Armour
 - Level 3.3(8.3) Dodging
 + Level 6.1(11.1) Shields
 - Level 2.0 Spellcasting
 - Level 2.4 Translocations
 + Level 5.7 Invocations


You had 14 spell levels left.
You didn't know any spells.
Your spell library contained the following spells:

 Spells                   Type           Power      Damage    Failure   Level
 Blink                    Tloc           16%        N/A       100%        2
 Gell's Gravitas          Tloc           8%         N/A       100%        3
 Lesser Beckoning         Tloc           8%         N/A       100%        3
 Teleport Other           Tloc           8%         N/A       100%        3
 Manifold Assault         Tloc           8%         N/A       100%        5

Inventory:

Hand Weapons
 j - a +2 hand axe of flaming
 Y - a +2 broad axe (weapon)
Missiles
 g - 8 boomerangs (quivered)
Armour
 f - a +0 cloak (worn)
 k - a +0 plate armour (worn)
 q - a +0 kite shield (worn)
Jewellery
 c - the ring of Untruth (right hand) {rElec Will+ SInv}
   (You found it on level 7 of the Dungeon)

   [ring of see invisible]

   rElec:     It insulates you from electricity.
   SInv:      It lets you see invisible.
   Will:      It increases your willpower.
 h - a ring of fire
 l - a ring of see invisible
 n - a ring of fire
 o - an amulet of reflection (around neck)
Scrolls
 b - 6 scrolls of identify
 d - a scroll of silence {unknown}
 r - a scroll of teleportation
 s - a scroll of amnesia {unknown}
Potions
 a - 4 potions of curing
 e - 3 potions of resistance
 i - a potion of might
 m - 2 potions of haste
 p - a potion of cancellation

Dungeon Overview and Level Annotations

Branches:
Dungeon (9/15)             Temple (0/1) D:5            Lair (0/5) D:9
    Orc (0/2) D:9

Altars:
Cheibriados
Dithmenos
Elyvilon
Gozag
Kikubaaqudgha
Okawaru
Trog
Wu Jian

Shops:
D:6 ?*[   D:9 (

Annotations:
D:7 2 transporters, qw's ghost, novice TeWr


Message History

You slash the small abomination! You claw the small abomination.
The small abomination is heavily damaged.
You block the small abomination's attack.
The wizard mumbles some strange words.
The wizard flickers and vanishes for a moment.
You slice the small abomination!!
You destroy the small abomination!
Okawaru accepts your kill. The large abomination hits you.
You slash the large abomination!
You claw the large abomination, but do no damage.
You peck the large abomination, but do no damage.
The large abomination is moderately damaged.
The large abomination hits you.
10424 ||| INVOKING Heroism.
You gain the combat prowess of a mighty hero.
You block the large abomination's attack.
You hit the large abomination but do no damage.
Your kick misses the large abomination. Your peck misses the large abomination.
The large abomination is moderately damaged.
The wizard gestures wildly while chanting.
The wizard blinks!
The large abomination hits you!!
You slash the large abomination!
The large abomination is heavily damaged.
The large abomination hits you but does no damage.
You hit the large abomination.
You claw the large abomination, but do no damage.
You peck the large abomination.
The large abomination is severely damaged.
You block the large abomination's attack.
You hit the large abomination.
The large abomination is severely damaged.
The wizard mumbles some strange words.
The wizard blinks!
You block the large abomination's attack.
You barely miss the large abomination.
You peck the large abomination, but do no damage.
The large abomination is severely damaged.
The large abomination hits you!!
You die...

....#...........#
#.......
....#.###.......#
..#.......
....'.# #.......#
####'##.......
.<..### #.......#
.....x#.......
....# ######.##
p.....#....<..
....# #.# .....
#....... #####
#.## ... ########
#..###'# ##.@X¤.#
#######


You could see a large abomination.

Vanquished Creatures
  Erolcha (D:9)
  A hornet (D:7)
  Grinder (D:4)
  Sigmund (D:2)
  A wraith (D:7)
  A vampire (D:9)
  Grum (D:9)
  2 steam dragons
  7 yaks
  3 wargs (D:9)
  2 acid dragons
  2 water moccasins
  An orc warrior (D:8)
  An ice beast (D:7)
  A black bear (D:6)
  2 sky beasts
  An ogre (D:6)
  2 wolves (D:9)
  4 centaurs
  2 kobold brigands
  A necrophage (D:6)
  6 bullfrogs
  2 small abominations (D:9)
  2 gnoll sergeants
  5 scorpions
  8 wights
  6 killer bees (D:7)
  4 howler monkeys
  3 orc priests
  A jelly (D:5)
  A gnoll bouda (D:7)
  2 hounds (D:5)
  Jessica (D:3)
  2 iguanas
  Ijyb (D:3)
  7 orc wizards
  Natasha (D:4)
  17 gnolls
  7 adders
  A shadow imp (D:7)
  2 white imps
  An ufetubus (D:4)
  3 dart slugs (D:1)
  27 orcs
  7 bats
  8 endoplasms
  3 giant cockroaches
  6 goblins
  8 hobgoblins
  19 kobolds
  5 quokkas
  6 ball pythons
  8 frilled lizards
  8 rats
226 creatures vanquished.

Vanquished Creatures (others)
  A jelly (D:5)
  A hound (D:5)
2 creatures vanquished.

Grand Total: 228 creatures vanquished

Notes
Turn   | Place    | Note
-------+----------+-------------------------------------------
     0 | D:1      | qw the Tengu Warper began the quest for the Orb.
     0 | D:1      | Reached XP level 1. HP: 12/12 MP: 4/4
     0 | D:1      | 0 ||| qw: Version: 0.1-a-89-g26bdef1
     0 | D:1      | 0 ||| qw: Game counter: 1217
     0 | D:1      | 0 ||| qw: Always use a shield: true
     0 | D:1      | 0 ||| qw: God list: Okawaru
     0 | D:1      | 0 ||| qw: Allow faded altars: false
     0 | D:1      | 0 ||| qw: Do Orc after D:15 true
     0 | D:1      | 0 ||| qw: Do second Lair branch before Depths: true
     0 | D:1      | 0 ||| qw: Lair rune preference: random
     0 | D:1      | 0 ||| qw: Plans: Normal
     0 | D:1      | 0 ||| PLANNING D:1-11
   250 | D:1      | 250 ||| Stepping ~*~*~tactically~*~*~ (stealth).
   258 | D:1      | Reached XP level 2. HP: 7/17 MP: 6/6
   261 | D:1      | Reached skill level 3 in Axes
   842 | D:1      | Reached XP level 3. HP: 18/21 MP: 7/7
  1086 | D:1      | Reached skill level 4 in Axes
  1337 | D:1      | 1337 ||| UPGRADING to +0 ring mail.
  1347 | D:1      | 1347 ||| DROPPING +0 leather armour.
  1348 | D:1      | 1348 ||| UPGRADING to amulet of regeneration.
  1353 | D:1      | 1353 ||| READING 5 scrolls labelled ISI LULUTUFI.
  1354 | D:1      | 1354 ||| READING scroll labelled DUEGGOA LUN TEA.
  1357 | D:1      | 1357 ||| DROPPING 4 scrolls of poison.
  1358 | D:1      | 1358 ||| DROPPING scroll of blinking.
  1374 | D:2      | 1374 ||| STAIRDANCE
  1384 | D:2      | 1384 ||| STAIRDANCE
  1470 | D:2      | Found a faded altar of an unknown god.
  1474 | D:2      | 1474 ||| FLEEEEING.
  1475 | D:2      | 1475 ||| FLEEEEING.
  1476 | D:2      | 1476 ||| FLEEEEING.
  1477 | D:2      | 1477 ||| FLEEEEING.
  1582 | D:2      | Reached XP level 4. HP: 26/26 MP: 8/8
  2110 | D:2      | Noticed Sigmund
  2121 | D:2      | HP: 6/26 [Sigmund/+0 scythe (9)]
  2123 | D:2      | Killed Sigmund
  2124 | D:2      | Reached skill level 6 in Axes
  2124 | D:2      | Gained mutation: Your magical nature lets you fly swiftly
                  | and evasively. [Tengu growth]
  2124 | D:2      | Reached XP level 5. HP: 9/30 MP: 9/9
  2124 | D:2      | Reached XP level 6. HP: 10/35 MP: 10/10
  2327 | D:2      | 2327 ||| UPGRADING to +0 plate armour.
  2337 | D:2      | 2337 ||| DROPPING +0 ring mail.
  2338 | D:2      | 2338 ||| UPGRADING to ring of see invisible.
  2339 | D:2      | 2339 ||| READING 3 scrolls labelled HUGIGG XEONG.
  2340 | D:2      | 2340 ||| READING scroll labelled PYRUSU MAVUWUI.
  2341 | D:2      | 2341 ||| DRINKING 2 orange potions.
  2342 | D:2      | 2342 ||| DRINKING 2 bubbling brown potions.
  2383 | D:2      | 2383 ||| READING 2 scrolls of identify.
  2383 | D:2      | 2383 ||| IDENTIFYING white potion
  2384 | D:2      | 2384 ||| DROPPING potion of lignification.
  2405 | D:3      | 2405 ||| STAIRDANCE
  2410 | D:3      | 2410 ||| STAIRDANCE
  2511 | D:3      | Noticed Ijyb
  2512 | D:3      | 2512 ||| Stepping ~*~*~tactically~*~*~ (hiding).
  2514 | D:3      | 2514 ||| Stepping ~*~*~tactically~*~*~ (hiding).
  2535 | D:3      | Killed Ijyb
  2617 | D:3      | 2617 ||| Stepping ~*~*~tactically~*~*~ (stealth).
  2703 | D:3      | Noticed Jessica
  2713 | D:3      | Killed Jessica
  2714 | D:3      | Reached skill level 7 in Axes
  2849 | D:3      | 2849 ||| DRINKING 2 sedimented green potions.
  2879 | D:4      | 2879 ||| Stepping ~*~*~tactically~*~*~ (stealth).
  2981 | D:4      | 2981 ||| DROPPING +0 whip.
  2985 | D:4      | 2985 ||| Stepping ~*~*~tactically~*~*~ (stealth).
  2987 | D:4      | 2987 ||| Stepping ~*~*~tactically~*~*~ (stealth).
  2993 | D:4      | 2993 ||| Stepping ~*~*~tactically~*~*~ (stealth).
  3002 | D:4      | Reached skill level 3 in Fighting
  3033 | D:4      | 3033 ||| Stepping ~*~*~tactically~*~*~ (stealth).
  3040 | D:4      | Noticed Grinder
  3055 | D:4      | Paralysed by Grinder for 5 turns
  3062 | D:4      | 3062 ||| Stepping ~*~*~tactically~*~*~ (hiding).
  3073 | D:4      | Paralysed by Grinder for 2 turns
  3081 | D:4      | Killed Grinder
  3082 | D:4      | Reached XP level 7. HP: 29/41 MP: 11/11
  3132 | D:4      | 3132 ||| Stepping ~*~*~tactically~*~*~ (stealth).
  3610 | D:4      | Noticed Natasha
  3611 | D:4      | 3611 ||| Stepping ~*~*~tactically~*~*~ (hiding).
  3618 | D:4      | Killed Natasha
  3638 | D:4      | Found a bloodstained altar of Trog.
  3643 | D:4      | 3643 ||| UPGRADING to +0 buckler.
  3648 | D:4      | 3648 ||| READING scroll labelled ROGAUMOG KUADUI.
  3649 | D:4      | 3649 ||| READING scroll labelled COHAKI VOMIREC.
  3650 | D:4      | 3650 ||| READING 3 scrolls of identify.
  3650 | D:4      | 3650 ||| IDENTIFYING amethyst potion
  3651 | D:4      | 3651 ||| READING 2 scrolls of identify.
  3651 | D:4      | 3651 ||| IDENTIFYING sedimented silvery potion
  3652 | D:4      | 3652 ||| DROPPING potion of ambrosia.
  3653 | D:4      | 3653 ||| DROPPING potion of magic.
  3694 | D:5      | Entered Level 5 of the Dungeon
  3704 | D:5      | Found a white marble altar of Elyvilon.
  3704 | D:5      | Found an iron altar of Okawaru.
  3704 | D:5      | Found a snail-covered altar of Cheibriados.
  3705 | D:5      | Found an ornate altar of the Wu Jian Council.
  3711 | D:5      | Became a worshipper of Warmaster Okawaru
  3775 | D:5      | Reached skill level 1 in Shields
  3797 | D:5      | Found a staircase to the Ecumenical Temple.
  3837 | D:5      | Found an opulent altar of Gozag.
  4007 | D:5      | Reached XP level 8. HP: 45/46 MP: 12/12
  4102 | D:5      | 4102 ||| SWAPPING to +1 hand axe of flaming.
  4103 | D:5      | 4103 ||| DROPPING +0 flail.
  4104 | D:5      | 4104 ||| DROPPING +0 hand axe.
  4241 | D:5      | 4241 ||| DROPPING +3 chain mail.
  4242 | D:5      | 4242 ||| READING scroll labelled OWNIKHLIABU.
  4243 | D:5      | 4243 ||| READING 2 scrolls of identify.
  4243 | D:5      | 4243 ||| IDENTIFYING emerald potion
  4244 | D:5      | 4244 ||| DROPPING potion of attraction.
  4272 | D:6      | 4272 ||| STAIRDANCE
  4280 | D:6      | 4280 ||| STAIRDANCE
  4287 | D:6      | 4287 ||| STAIRDANCE
  4300 | D:5      | Reached * piety under Okawaru
  4301 | D:5      | Reached skill level 8 in Axes
  4305 | D:6      | 4305 ||| STAIRDANCE
  4310 | D:6      | 4310 ||| STAIRDANCE
  4324 | D:6      | Found a shadowy altar of Dithmenos.
  4326 | D:6      | 4326 ||| INVOKING Heroism.
  4328 | D:6      | 4328 ||| Stepping ~*~*~tactically~*~*~ (hiding).
  4331 | D:6      | Reached skill level 1 in Invocations
  4339 | D:6      | 4339 ||| Stepping ~*~*~tactically~*~*~ (stealth).
  4340 | D:6      | 4340 ||| Stepping ~*~*~tactically~*~*~ (stealth).
  4344 | D:6      | 4344 ||| Stepping ~*~*~tactically~*~*~ (stealth).
  4353 | D:6      | 4353 ||| Stepping ~*~*~tactically~*~*~ (hiding).
  4372 | D:6      | 4372 ||| Stepping ~*~*~tactically~*~*~ (stealth).
  4373 | D:6      | 4373 ||| Stepping ~*~*~tactically~*~*~ (stealth).
  4431 | D:6      | 4431 ||| INVOKING Heroism.
  4443 | D:6      | Reached skill level 9 in Axes
  4497 | D:6      | 4497 ||| INVOKING Heroism.
  4560 | D:6      | 4560 ||| INVOKING Heroism.
  4569 | D:6      | Reached skill level 3 in Invocations
  4697 | D:6      | Found Banyig's Antique Armour Shoppe.
  4706 | D:6      | 4706 ||| BUYING cloak (117 gold).
  4706 | D:6      | Bought a cloak for 117 gold pieces
  4706 | D:6      | 4706 ||| SHOPLISTING embroidered hat (182 gold, have 87).
  4706 | D:6      | 4706 ||| SHOPLISTING glowing chain mail (195 gold, have
                  | 87).
  4706 | D:6      | 4706 ||| SHOPLISTING pair of gloves (117 gold, have 87).
  4768 | D:6      | Found Bytocos's Magic Scroll Boutique.
  4779 | D:6      | 4779 ||| BUYING scroll of identify (28 gold).
  4779 | D:6      | Bought a scroll of identify for 28 gold pieces
  4779 | D:6      | 4779 ||| BUYING scroll of teleportation (42 gold).
  4779 | D:6      | Bought a scroll of teleportation for 42 gold pieces
  4779 | D:6      | 4779 ||| SHOPLISTING scroll of teleportation (42 gold, have
                  | 33).
  4839 | D:6      | 4839 ||| Stepping ~*~*~tactically~*~*~ (stealth).
  4846 | D:6      | 4846 ||| Stepping ~*~*~tactically~*~*~ (stealth).
  4850 | D:6      | Reached ** piety under Okawaru
  4851 | D:6      | Reached XP level 9. HP: 43/52 MP: 13/13
  4851 | D:6      | 4851 ||| FLEEEEING.
  4852 | D:6      | 4852 ||| FLEEEEING.
  4953 | D:6      | Found Libozxuy's Assorted Antiques.
  4958 | D:6      | 4958 ||| SHOPLISTING 2 potions of curing (180 gold, have
                  | 50).
  4958 | D:6      | 4958 ||| BUYING fuming puce potion (27 gold).
  4958 | D:6      | Bought a fuming puce potion for 27 gold pieces
  4958 | D:6      | 4958 ||| SHOPLISTING scroll labelled DEAFO FUMAORGHIETZ (30
                  | gold, have 23).
  4958 | D:6      | 4958 ||| SHOPLISTING scroll labelled KYGHEG UWIEHAM (30
                  | gold, have 23).
  4958 | D:6      | 4958 ||| SHOPLISTING scroll of identify (60 gold, have 23).
  4958 | D:6      | 4958 ||| SHOPLISTING scroll of teleportation (90 gold, have
                  | 23).
  4958 | D:6      | 4958 ||| SWAPPING to +0 broad axe.
  4993 | D:6      | 4993 ||| Stepping ~*~*~tactically~*~*~ (stealth).
  5096 | D:6      | 5096 ||| UPGRADING to +0 cloak.
  5101 | D:6      | 5101 ||| UPGRADING to amulet of reflection.
  5111 | D:6      | 5111 ||| DROPPING amulet of regeneration.
  5112 | D:6      | 5112 ||| DROPPING ring of wizardry.
  5113 | D:6      | 5113 ||| READING 2 scrolls of identify.
  5113 | D:6      | 5113 ||| IDENTIFYING sapphire potion
  5114 | D:6      | 5114 ||| DROPPING potion of berserk rage.
  5213 | D:6      | 5213 ||| READING 3 scrolls of teleportation.
  5214 | D:6      | 5214 ||| STAIRDANCE
  5253 | D:6      | 5253 ||| READING 2 scrolls of teleportation.
  5254 | D:6      | 5254 ||| STAIRDANCE
  5394 | D:7      | Noticed qw's ghost (novice TeWr)
  5403 | D:7      | 5403 ||| INVOKING Heroism.
  5711 | D:7      | Reached skill level 10 in Axes
  5800 | D:7      | Reached skill level 3 in Shields
  5801 | D:7      | 5801 ||| INVOKING Heroism.
  5820 | D:7      | Noticed a hornet
  5821 | D:7      | 5821 ||| Stepping ~*~*~tactically~*~*~ (hiding).
  5829 | D:7      | 5829 ||| INVOKING Heroism.
  5833 | D:7      | Killed a hornet
  5844 | D:7      | HP: 11/52 [wight/+0 spear (9)]
  5845 | D:7      | 5845 ||| READING 2 scrolls of teleportation.
  5846 | D:7      | 5846 ||| DRINKING 3 potions of heal wounds.
  5849 | D:7      | 5849 ||| INVOKING Heroism.
  5860 | D:7      | Reached *** piety under Okawaru
  5864 | D:7      | Reached skill level 11 in Axes
  5864 | D:7      | HP: 9/54 [white imp/puff of frost (9)]
  5865 | D:7      | 5865 ||| READING scroll of teleportation.
  5865 | D:7      | HP: 3/54 [white imp/puff of frost (7)]
  5866 | D:7      | 5866 ||| DRINKING 2 potions of heal wounds.
  5868 | D:7      | Noticed a hornet
  5870 | D:7      | 5870 ||| FLEEEEING.
  5871 | D:7      | 5871 ||| FLEEEEING.
  5874 | D:7      | 5874 ||| FLEEEEING.
  5875 | D:7      | 5875 ||| FLEEEEING.
  5879 | D:7      | 5879 ||| FLEEEEING.
  5880 | D:7      | 5880 ||| FLEEEEING.
  5881 | D:7      | 5881 ||| FLEEEEING.
  5882 | D:7      | 5882 ||| FLEEEEING.
  5893 | D:7      | 5893 ||| FLEEEEING.
  5894 | D:7      | 5894 ||| FLEEEEING.
  5895 | D:7      | 5895 ||| FLEEEEING.
  5896 | D:7      | 5896 ||| FLEEEEING.
  5897 | D:7      | 5897 ||| FLEEEEING.
  5898 | D:7      | 5898 ||| FLEEEEING.
  5909 | D:7      | 5909 ||| FLEEEEING.
  5920 | D:7      | 5920 ||| FLEEEEING.
  5931 | D:7      | 5931 ||| FLEEEEING.
  5949 | D:7      | 5949 ||| INVOKING Heroism.
  6247 | D:7      | 6247 ||| INVOKING Heroism.
  6249 | D:7      | Reached XP level 10. HP: 55/58 MP: 11/14
  6285 | D:7      | 6285 ||| FLEEEEING.
  6286 | D:7      | 6286 ||| FLEEEEING.
  6287 | D:7      | 6287 ||| FLEEEEING.
  6288 | D:7      | 6288 ||| FLEEEEING.
  6289 | D:7      | 6289 ||| FLEEEEING.
  6290 | D:7      | 6290 ||| FLEEEEING.
  6291 | D:7      | 6291 ||| FLEEEEING.
  6292 | D:7      | 6292 ||| FLEEEEING.
  6293 | D:7      | 6293 ||| STAIRDANCE
  6401 | D:6      | Found an ancient bone altar of Kikubaaqudgha.
  6403 | D:6      | 6403 ||| READING 3 scrolls labelled TUOVVO CURIOC.
  6547 | D:6      | 6547 ||| READING 3 scrolls labelled DIOMIK LUYL.
  6548 | D:6      | 6548 ||| DRINKING 2 sedimented emerald potions.
  6549 | D:6      | 6549 ||| READING 2 scrolls of identify.
  6549 | D:6      | 6549 ||| IDENTIFYING fuming puce potion
  6550 | D:6      | 6550 ||| DROPPING potion of degeneration.
  6551 | D:6      | 6551 ||| DROPPING 2 scrolls of torment.
  6552 | D:6      | 6552 ||| DROPPING 2 scrolls of summoning.
  6562 | D:7      | 6562 ||| STAIRDANCE
  6575 | D:6      | HP: 14/58 [poisoned by a kobold brigand]
  6806 | D:7      | 6806 ||| STAIRDANCE
  6814 | D:7      | 6814 ||| STAIRDANCE
  6962 | D:7      | 6962 ||| STAIRDANCE
  7038 | D:7      | 7038 ||| STAIRDANCE
  7122 | D:7      | Identified the ring of Untruth {rElec Will+ SInv}
  7144 | D:7      | 7144 ||| INVOKING Heroism.
  7156 | D:7      | HP: 8/59 [killer bee (7)]
  7157 | D:7      | 7157 ||| DRINKING potion of heal wounds.
  7164 | D:7      | HP: 14/59 [poisoned by a killer bee]
  7169 | D:7      | HP: 10/59 [poisoned by a killer bee]
  7470 | D:7      | Found a transporter.
  7470 | D:7      | Found a transporter.
  7484 | D:7      | 7484 ||| Stepping ~*~*~tactically~*~*~ (stealth).
  7529 | D:7      | 7529 ||| Stepping ~*~*~tactically~*~*~ (stealth).
  7534 | D:7      | 7534 ||| Stepping ~*~*~tactically~*~*~ (hiding).
  7535 | D:7      | 7535 ||| Stepping ~*~*~tactically~*~*~ (hiding).
  7537 | D:7      | 7537 ||| Stepping ~*~*~tactically~*~*~ (hiding).
  7598 | D:7      | 7598 ||| READING scroll of enchant weapon.
  7598 | D:7      | 7598 ||| ENCHANTING +0 broad axe.
  7607 | D:7      | 7607 ||| Stepping ~*~*~tactically~*~*~ (hiding).
  7933 | D:7      | 7933 ||| UPGRADING to ring of Untruth {rElec Will+ SInv}.
  7934 | D:7      | 7934 ||| REMOVING ring of see invisible.
  7957 | D:8      | 7957 ||| Stepping ~*~*~tactically~*~*~ (hiding).
  7963 | D:8      | Reached skill level 12 in Axes
  7966 | D:8      | 7966 ||| INVOKING Heroism.
  7967 | D:8      | HP: 11/59 [acid dragon/splash of acid (25)]
  7971 | D:8      | Reached skill level 6 in Armour
  8035 | D:8      | 8035 ||| INVOKING Heroism.
  8261 | D:8      | 8261 ||| INVOKING Heroism.
  8262 | D:8      | 8262 ||| Stepping ~*~*~tactically~*~*~ (hiding).
  8275 | D:8      | Reached skill level 6 in Fighting
  8433 | D:8      | 8433 ||| INVOKING Heroism.
  8438 | D:8      | 8438 ||| Stepping ~*~*~tactically~*~*~ (cloud).
  8690 | D:8      | 8690 ||| READING scroll of enchant weapon.
  8690 | D:8      | 8690 ||| ENCHANTING +1 broad axe.
  8705 | D:8      | 8705 ||| Stepping ~*~*~tactically~*~*~ (stealth).
  8707 | D:8      | 8707 ||| INVOKING Heroism.
  9136 | D:8      | 9136 ||| DROPPING scarf of shadows.
  9137 | D:8      | 9137 ||| READING scroll labelled DEAFO FUMAORGHIETZ.
  9138 | D:8      | 9138 ||| DRINKING 2 fuming amethyst potions.
  9173 | D:9      | 9173 ||| INVOKING Heroism.
  9315 | D:9      | 9315 ||| INVOKING Heroism.
  9316 | D:9      | Found Cuptyts's Weapon Shop.
  9336 | D:9      | 9336 ||| INVOKING Heroism.
  9477 | D:9      | 9477 ||| Stepping ~*~*~tactically~*~*~ (hiding).
  9490 | D:9      | 9490 ||| INVOKING Heroism.
  9490 | D:9      | HP: 9/60 [acid dragon/splash of acid (15)]
  9492 | D:9      | Reached skill level 3 in Dodging
  9499 | D:9      | 9499 ||| FLEEEEING.
  9500 | D:9      | 9500 ||| STAIRDANCE
  9746 | D:8      | 9746 ||| UPGRADING to +0 kite shield.
  9756 | D:8      | 9756 ||| DROPPING +0 buckler.
  9757 | D:8      | 9757 ||| READING 6 scrolls of identify.
  9757 | D:8      | 9757 ||| IDENTIFYING purple potion
  9772 | D:9      | Found a staircase to the Lair.
  9850 | D:9      | 9850 ||| Stepping ~*~*~tactically~*~*~ (stealth).
  9852 | D:9      | 9852 ||| INVOKING Heroism.
  9860 | D:9      | Reached **** piety under Okawaru
  9937 | D:9      | Found a staircase to the Orcish Mines.
  9944 | D:9      | 9944 ||| INVOKING Heroism.
 10137 | D:9      | 10137 ||| INVOKING Heroism.
 10163 | D:9      | Noticed Erolcha
 10170 | D:9      | Killed Erolcha
 10171 | D:9      | Reached XP level 11. HP: 55/64 MP: 14/16
 10352 | D:9      | Noticed Grum
 10353 | D:9      | 10353 ||| INVOKING Heroism.
 10360 | D:9      | Killed Grum
 10361 | D:9      | Reached skill level 6 in Shields
 10410 | D:9      | Noticed a large abomination
 10415 | D:9      | Noticed a wizard
 10416 | D:9      | 10416 ||| Stepping ~*~*~tactically~*~*~ (hiding).
 10418 | D:9      | 10418 ||| Stepping ~*~*~tactically~*~*~ (stealth).
 10424 | D:9      | 10424 ||| INVOKING Heroism.
 10429 | D:9      | Slain by a large abomination

Levels and vault maps discovered:
D:1:      dpeg_arrival_concentric_ovals, layout_basic, minmay_misc_feat_room,
          nrook_loot_triangle, hangedman_decor_push,
          amcnicky_mini_rare_corridor_liquid
D:2:      layout_basic, shapermc_ecumenical_altar_starsandcircs,
          grunt_ministairs_13, uniq_sigmund
D:3:      layout_rooms, uniq_ijyb, uniq_jessica
D:4:      layout_loops_ring, mainiacjoe_overflow_alcove_1,
          hangedman_decor_points, kennysheep_generic_room_13, uniq_natasha,
          uniq_grinder
D:5:      layout_rooms, grunt_gozag_statues,
          chequers_temple_overflow_statue_of_worship, minmay_temple_entry_grid,
          lemuel_flamethrower_2
D:6:      layout_loops_ring, mainiacjoe_overflow_cross_hatched,
          nicolae_overflow_hidden_temple, serial_shops, shop, shop,
          nicolae_shop_trees
D:7:      minmay_polygon_palace, layout_basic, gammafunk_ghost_hive,
          chequers_serial_rivers_large_a, minmay_misc_feat_enclosed
D:8:      layout_basic
D:9:      layout_roguey, dpeg_oklobed_lair, minmay_orc_entry_guard_dogs,
          serial_shops, nicolae_shop_bloodbath_and_beyond, serial_park_tiny_1,
          laboratory, uniq_grum, uniq_erolcha

Skill      XL: |  1  2  3  4  5  6  7  8  9 10 11 |
---------------+----------------------------------+-----
Axes           | 3 4 6 7 9 11 12 | 12.9
Armour         | 4 5 6 |  6.2
Fighting       | 3 4 5 6 |  6.0
Shields        | 2 3 5 6 |  6.1
Invocations    | 3 4 5 |  5.7
Dodging        | 3 |  3.3
Throwing       | |  1.0
Spellcasting   | |  2.0
Translocations | |  2.4

Action                   |  1- 3 |  4- 6 |  7- 9 | 10-12 || total
-------------------------+-------+-------+-------+-------++-------
Melee: Hand axe          |    92 |   158 |   213 |       ||   463
       Kick              |    17 |    50 |    85 |    62 ||   214
       Punch             |     2 |     3 |       |       ||     5
       Peck              |     9 |    29 |    31 |    43 ||   112
       Broad axe         |       |       |    88 |   211 ||   299
Throw: Boomerang         |     7 |       |       |     9 ||    16
Invok: Heroism           |       |       |    10 |    15 ||    25
  Use: Scroll            |     2 |     3 |    11 |     7 ||    23
       Potion            |       |     3 |     2 |     3 ||     8
Armor: Leather armour    |    11 |       |       |       ||    11
       Ring mail         |     7 |     4 |       |       ||    11
       Plate armour      |       |    53 |   146 |    72 ||   271
Dodge: Dodged            |    44 |    40 |    75 |    50 ||   209
Block: Buckler           |       |       |    91 |    85 ||   176
       Reflection        |       |       |     1 |     7 ||     8
       Kite shield       |       |       |       |    37 ||    37

Table legend:
 A = Non-vault XP
 B = Vault XP
 C = Vault XP percentage of total XP
 D = Non-vault monster count
 E = Vault monster count
 F = Vault count percentage of total count
                 A         B        C        D         E       F
            +---------+---------+-------+---------+---------+-------
      Total |    6749 |    4097 |  37.8 |     191 |      35 |  15.5
            +---------+---------+-------+---------+---------+-------
        D:1 |      54 |       2 |   3.6 |      30 |       1 |   3.2
        D:2 |      54 |     233 |  81.2 |      20 |       2 |   9.1
        D:3 |      46 |      73 |  61.3 |      14 |       2 |  12.5
        D:4 |     170 |     311 |  64.7 |      17 |       4 |  19.0
        D:5 |     482 |       0 |   0.0 |      15 |       0 |   0.0
        D:6 |    1323 |       0 |   0.0 |      27 |       0 |   0.0
        D:7 |    1427 |    1434 |  50.1 |      30 |      17 |  36.2
        D:8 |    1564 |       0 |   0.0 |      16 |       0 |   0.0
        D:9 |    1629 |    2044 |  55.6 |      22 |       9 |  29.0
            +---------+---------+-------+---------+---------+-------
